APP
CLEVELAND (APP) INDIANS @ BALTIMORE (APP) ORIOLES
10/09/2047
 
TOP OF THE 1ST
Great Falls Voyagers batting - Pitching for Baltimore (APP) Orioles : RHP Justin Bright
Pitching: RHP Justin Bright
Batting: RHB C.J. Chandler 0-0: Ball
1-0: SINGLE (Groundball, 56D, EV 103.8 MPH)
Batting: RHB Bobby Trosclair 0-0: Ball
1-0: Called Strike
1-1: Ball
2-1: Foul Ball, location: 2F
2-2: Strikes out looking
Batting: RHB David Torres 0-0: Foul Ball, location: 2F
0-1: Grounds into double play, 4-6-3 (Groundball, 4, EV 81.3 MPH)
Top of the 1st over - 0 runs, 1 hit, 0 errors, 0 left on base; Great Falls 0 - Baltimore (APP) 0
BOTTOM OF THE 1ST
Baltimore (APP) Orioles batting - Pitching for Great Falls Voyagers : RHP Jason Zunno
Pitching: RHP Jason Zunno
Batting: RHB Rafael Medina 0-0: DOUBLE (Line Drive, 7LS, EV 99.4 MPH)
Batting: RHB Eric Meijerink 0-0: Ball
1-0: Ball
2-0: Ground out 4-3 (Groundball, 4, EV 108.1 MPH)
Rafael Medina to third
Batting: LHB Stu Sornson 0-0: Ball
1-0: Ball
2-0: Foul Ball, location: 2F
2-1: Foul Ball, location: 2F
2-2: Ball
Wild Pitch!
Rafael Medina scores
3-2: Base on Balls
Batting: RHB Omar Mascarenas 0-0: Fly out, F4 (Popup, 4M, EV 77.5 MPH)
Batting: RHB Sean Ward 0-0: Ball
1-0: Ball
2-0: Ball
3-0: Base on Balls
Stu Sornson to second
Batting: RHB Andres Cervantes 0-0: Swinging Strike
0-1: Fly out, F9 (Flyball, 89D, EV 88.1 MPH)
Bottom of the 1st over - 1 run, 1 hit, 0 errors, 2 left on base; Great Falls 0 - Baltimore (APP) 1
TOP OF THE 2ND
Great Falls Voyagers batting - Pitching for Baltimore (APP) Orioles : RHP Justin Bright
Batting: LHB Luis Flores 0-0: Called Strike
0-1: Called Strike
0-2: Foul Ball, location: 2F
0-2: Ground out 5-3 (Groundball, 56, EV 78.1 MPH)
Batting: SHB Eduardo Monzon 0-0: Fly out, F8 (Line Drive, 8LM, EV 88.8 MPH)
Batting: LHB Adrian Cruz 0-0: Ball
1-0: Ball
2-0: Ball
3-0: Base on Balls
Batting: RHB Brian Harris 0-0: Called Strike
0-1: Ball
1-1: Called Strike
1-2: Ball
2-2: Ball
3-2: Base on Balls
Adrian Cruz to second
Batting: RHB Orlando Blanco 0-0: Called Strike
0-1: Ball
1-1: Swinging Strike
1-2: Ball
2-2: Ball
3-2: Foul Ball, location: 2F
3-2: Base on Balls
Adrian Cruz to third
Brian Harris to second
Batting: RHB Brian Marut 0-0: Called Strike
0-1: Swinging Strike
0-2: Foul Ball, location: 2F
0-2: Ball
1-2: Ball
2-2: Foul Ball, location: 2F
2-2: Strikes out looking
Top of the 2nd over - 0 runs, 0 hits, 0 errors, 3 left on base; Great Falls 0 - Baltimore (APP) 1
BOTTOM OF THE 2ND
Baltimore (APP) Orioles batting - Pitching for Great Falls Voyagers : RHP Jason Zunno
Batting: RHB Joel Escalera 0-0: Called Strike
0-1: Swinging Strike
0-2: SINGLE (Line Drive, 89S, EV 102.5 MPH)
Batting: RHB Trevor Smith 0-0: Called Strike
0-1: SINGLE (Groundball, 6D, EV 105.0 MPH)
Joel Escalera to second
Batting: RHB Brett Steele 0-0: SINGLE (Groundball, 13, EV 71.9 MPH) (infield hit)
Joel Escalera to third
Trevor Smith to second
Batting: RHB Rafael Medina 0-0: Called Strike
0-1: Ball
1-1: Fielders Choice at 2nd, 3-6 (Groundball, 3, EV 108.8 MPH)
Joel Escalera scores
Trevor Smith to third
Batting: RHB Eric Meijerink 0-0: Called Strike
0-1: Foul Ball, location: 2F
0-2: Strikes out swinging
Batting: LHB Stu Sornson 0-0: Called Strike
0-1: Foul Ball, location: 2F
0-2: Ball
1-2: Strikes out looking
Bottom of the 2nd over - 1 run, 3 hits, 0 errors, 2 left on base; Great Falls 0 - Baltimore (APP) 2
TOP OF THE 3RD
Great Falls Voyagers batting - Pitching for Baltimore (APP) Orioles : RHP Justin Bright
Batting: RHB C.J. Chandler 0-0: Ball
1-0: Ball
2-0: Ball
3-0: Base on Balls
Batting: RHB Bobby Trosclair 0-0: Foul Ball, location: 2F
0-1: SINGLE (Groundball, 6MD, EV 103.8 MPH)
C.J. Chandler to second
Runner from 2nd tries for 3rd, SAFE, no throw by CF
Batting: RHB David Torres 0-0: Ball
1-0: Called Strike
Bobby Trosclair steals 2nd base
1-1: Foul Ball, location: 2F
1-2: Fly out, F7 (Flyball, 7LS, EV 85.6 MPH)
Runner from 3rd tags up, SCORES, throw by LF
Batting: LHB Luis Flores 0-0: Called Strike
0-1: DOUBLE (Line Drive, 9LM, EV 100.0 MPH)
Bobby Trosclair scores
Batting: SHB Eduardo Monzon 0-0: Called Strike
0-1: Ball
1-1: Swinging Strike
1-2: Ground out 6-3 (Groundball, 6, EV 100.0 MPH)
Batting: LHB Adrian Cruz 0-0: Swinging Strike
0-1: Swinging Strike
0-2: Ball
Wild Pitch!
Luis Flores to third
1-2: Ball
2-2: SINGLE (Line Drive, 34, EV 98.1 MPH)
Luis Flores scores
Batting: RHB Brian Harris 0-0: Fly out, F9 (Flyball, 9S, EV 94.4 MPH)
Top of the 3rd over - 3 runs, 3 hits, 0 errors, 1 left on base; Great Falls 3 - Baltimore (APP) 2
BOTTOM OF THE 3RD
Baltimore (APP) Orioles batting - Pitching for Great Falls Voyagers : RHP Jason Zunno
Batting: RHB Omar Mascarenas 0-0: Ground out 4-3 (Groundball, 34, EV 106.9 MPH)
Batting: RHB Sean Ward 0-0: Ball
1-0: Ball
2-0: Called Strike
2-1: Called Strike
2-2: Ball
3-2: Ground out 5-3 (Groundball, 56, EV 103.8 MPH)
Batting: RHB Andres Cervantes 0-0: Called Strike
0-1: Foul Ball, location: 2F
0-2: Ball
1-2: Ball
2-2: Foul Ball, location: 2F
2-2: Ball
3-2: Base on Balls
Batting: RHB Joel Escalera 0-0: Called Strike
0-1: Fielders Choice at 2nd, 6-4 (Groundball, 56, EV 106.3 MPH)
Bottom of the 3rd over - 0 runs, 0 hits, 0 errors, 1 left on base; Great Falls 3 - Baltimore (APP) 2
TOP OF THE 4TH
Great Falls Voyagers batting - Pitching for Baltimore (APP) Orioles : RHP Justin Bright
Batting: RHB Orlando Blanco 0-0: Ball
1-0: Ball
2-0: Called Strike
2-1: Ground out 5-3 (Groundball, 56S, EV 68.8 MPH)
Batting: RHB Brian Marut 0-0: Called Strike
0-1: Called Strike
0-2: Fly out, F8 (Flyball, 8LD, EV 97.5 MPH)
Batting: RHB C.J. Chandler 0-0: Foul Ball, location: 2F
0-1: Ball
1-1: Ball
2-1: Foul Ball, location: 2F
2-2: Ball
3-2: Base on Balls
Batting: RHB Bobby Trosclair 0-0: Called Strike
0-1: Ball
1-1: Ball
2-1: Ball
3-1: Foul Ball, location: 2F
3-2: Foul Ball, location: 2F
3-2: Foul Ball, location: 2F
3-2: Base on Balls
C.J. Chandler to second
Pitching: LHP Shane Cale
Batting: RHB David Torres 0-0: Called Strike
0-1: Foul Ball, location: 2F
0-2: Foul Ball, location: 2F
0-2: Ball
1-2: Ball
2-2: Strikes out looking
Top of the 4th over - 0 runs, 0 hits, 0 errors, 2 left on base; Great Falls 3 - Baltimore (APP) 2
BOTTOM OF THE 4TH
Baltimore (APP) Orioles batting - Pitching for Great Falls Voyagers : RHP Jason Zunno
Batting: RHB Trevor Smith 0-0: Called Strike
0-1: Swinging Strike
0-2: Ball
1-2: Hit by Pitch
Batting: RHB Brett Steele 0-0: Foul Ball, location: 2F
0-1: Called Strike
0-2: DOUBLE (Line Drive, 7LS, EV 102.5 MPH)
Trevor Smith to third
Batting: RHB Rafael Medina 0-0: Ball
1-0: Ball
2-0: Ball
3-0: Called Strike
3-1: Called Strike
3-2: Ground out 4-3 (Groundball, 4, EV 105.6 MPH)
Trevor Smith scores
Brett Steele to third
Batting: RHB Eric Meijerink 0-0: Ball
1-0: Ground out 5-3 (Groundball, 5S, EV 91.9 MPH)
Batting: LHB Stu Sornson 0-0: Ball
1-0: Ball
2-0: Called Strike
2-1: Ball
3-1: Base on Balls
Batting: RHB Omar Mascarenas 0-0: Called Strike
0-1: Called Strike
0-2: Ball
1-2: Ball
2-2: Foul Ball, location: 2F
2-2: Foul Ball, location: 2F
2-2: Ball
3-2: Foul Ball, location: 2F
3-2: Strikes out swinging
Bottom of the 4th over - 1 run, 1 hit, 0 errors, 2 left on base; Great Falls 3 - Baltimore (APP) 3
TOP OF THE 5TH
Great Falls Voyagers batting - Pitching for Baltimore (APP) Orioles : LHP Shane Cale
Batting: LHB Luis Flores 0-0: Ball
1-0: SINGLE (Groundball, 4D, EV 100.0 MPH)
Batting: SHB Eduardo Monzon 0-0: Called Strike
0-1: Ball
1-1: Swinging Strike
1-2: Ball
2-2: Foul Ball, location: 2F
2-2: Foul Ball, location: 2F
2-2: Ball
3-2: Strikes out looking
Batting: LHB Adrian Cruz 0-0: Called Strike
0-1: Ball
1-1: Called Strike
1-2: SINGLE (Groundball, 34, EV 100.6 MPH) (infield hit)
Luis Flores to second
Batting: RHB Brian Harris 0-0: SINGLE (Groundball, 6D, EV 94.4 MPH)
Luis Flores to third
Adrian Cruz to second
Batting: RHB Orlando Blanco 0-0: Foul Ball, location: 2F
0-1: Fielders Choice at 2nd, 3-6 (Groundball, 3S, EV 90.0 MPH)
Luis Flores scores
Adrian Cruz to third
Batting: RHB Brian Marut 0-0: Ground out 4-3 (Groundball, 34, EV 100.0 MPH)
Top of the 5th over - 1 run, 3 hits, 0 errors, 2 left on base; Great Falls 4 - Baltimore (APP) 3
BOTTOM OF THE 5TH
Baltimore (APP) Orioles batting - Pitching for Great Falls Voyagers : RHP Jason Zunno
Batting: RHB Sean Ward 0-0: Ball
1-0: Ball
2-0: DOUBLE (Line Drive, 8LXD, EV 110.6 MPH)
Batting: RHB Andres Cervantes 0-0: Ball
1-0: Called Strike
1-1: Called Strike
1-2: Foul Ball, location: 2F
1-2: Ball
Passed Ball!
Sean Ward to third
2-2: Ball
3-2: Ground out 2-3 (Groundball, 15S, EV 68.1 MPH)
Batting: RHB Joel Escalera 0-0: Called Strike
0-1: Foul Ball, location: 2F
0-2: Ball
1-2: Foul Ball, location: 2F
1-2: Ball
2-2: Ball
Passed Ball!
Sean Ward scores
3-2: Foul Ball, location: 2F
3-2: Ground out U3 (Groundball, 34, EV 91.3 MPH)
Batting: RHB Trevor Smith 0-0: Ball
1-0: Ground out U3 (Groundball, 3, EV 101.3 MPH)
Bottom of the 5th over - 1 run, 1 hit, 0 errors, 0 left on base; Great Falls 4 - Baltimore (APP) 4
TOP OF THE 6TH
Great Falls Voyagers batting - Pitching for Baltimore (APP) Orioles : LHP Shane Cale
Batting: RHB C.J. Chandler 0-0: Called Strike
0-1: Called Strike
0-2: Foul Ball, location: 2F
0-2: Ball
1-2: Strikes out swinging
Batting: RHB Bobby Trosclair 0-0: DOUBLE (Line Drive, 78D, EV 104.4 MPH)
Batting: RHB David Torres 0-0: Ball
1-0: Ball
2-0: Foul Ball, location: 2F
2-1: Ground out 6-3 (Groundball, 6, EV 105.0 MPH)
Batting: LHB Luis Flores 0-0: SINGLE (Flyball, 7LS, EV 86.9 MPH)
Bobby Trosclair to third
Runner from 3rd tries for Home, SAFE, no throw by LF
Batting: SHB Eduardo Monzon 0-0: Called Strike
0-1: Ball
1-1: Swinging Strike
1-2: Foul Ball, location: 2F
1-2: Foul Ball, location: 2F
1-2: Ball
Wild Pitch!
Luis Flores to second
2-2: Ground out 4-3 (Groundball, 4, EV 81.3 MPH)
Top of the 6th over - 1 run, 2 hits, 0 errors, 1 left on base; Great Falls 5 - Baltimore (APP) 4
BOTTOM OF THE 6TH
Baltimore (APP) Orioles batting - Pitching for Great Falls Voyagers : RHP Jason Zunno
Pitching: RHP Javon Walker
Batting: RHB Brett Steele 0-0: Foul Ball, location: 2F
0-1: Foul Ball, location: 2F
0-2: Foul Ball, location: 2F
0-2: Ball
1-2: Foul Ball, location: 2F
1-2: Ground out 3-1 (Groundball, 34, EV 84.4 MPH)
Batting: RHB Rafael Medina 0-0: Ball
1-0: Ground out U3 (Groundball, 34, EV 86.9 MPH)
Batting: RHB Eric Meijerink 0-0: Called Strike
0-1: Foul Ball, location: 2F
0-2: Foul Ball, location: 2F
0-2: Ball
1-2: Foul Ball, location: 2F
1-2: Strikes out swinging
Bottom of the 6th over - 0 runs, 0 hits, 0 errors, 0 left on base; Great Falls 5 - Baltimore (APP) 4
TOP OF THE 7TH
Great Falls Voyagers batting - Pitching for Baltimore (APP) Orioles : LHP Shane Cale
Pitching: RHP Jose Alarcon
Batting: LHB Adrian Cruz 0-0: Ball
1-0: Foul Ball, location: 2F
1-1: Ball
2-1: Called Strike
2-2: Foul Ball, location: 2F
2-2: Fly out, F7 (Flyball, 7S, EV 97.5 MPH)
Batting: RHB Brian Harris 0-0: Ball
1-0: Called Strike
1-1: Ball
2-1: Ground out 6-3 (Groundball, 6, EV 101.3 MPH)
Batting: RHB Orlando Blanco 0-0: Swinging Strike
0-1: Ball
1-1: Ball
2-1: Ball
3-1: Called Strike
3-2: Strikes out swinging
Top of the 7th over - 0 runs, 0 hits, 0 errors, 0 left on base; Great Falls 5 - Baltimore (APP) 4
BOTTOM OF THE 7TH
Baltimore (APP) Orioles batting - Pitching for Great Falls Voyagers : RHP Javon Walker
Batting: LHB Stu Sornson 0-0: Fly out, F7 (Flyball, 78S, EV 89.4 MPH)
Batting: RHB Omar Mascarenas 0-0: Swinging Strike
0-1: Ball
1-1: Called Strike
1-2: Strikes out swinging
Batting: RHB Sean Ward 0-0: Ball
1-0: Called Strike
1-1: Ball
2-1: Ball
3-1: Foul Ball, location: 2F
3-2: DOUBLE (Line Drive, 9LD, EV 114.4 MPH)
Batting: RHB Andres Cervantes 0-0: Ball
1-0: Ground out 5-3 (Groundball, 56, EV 82.5 MPH)
Bottom of the 7th over - 0 runs, 1 hit, 0 errors, 1 left on base; Great Falls 5 - Baltimore (APP) 4
TOP OF THE 8TH
Great Falls Voyagers batting - Pitching for Baltimore (APP) Orioles : RHP Jose Alarcon
Batting: RHB Brian Marut 0-0: Ball
1-0: Called Strike
1-1: Ball
2-1: Ball
3-1: Foul Ball, location: 2F
3-2: Foul Ball, location: 2F
3-2: Strikes out swinging
Batting: RHB C.J. Chandler 0-0: Ball
1-0: Called Strike
1-1: Swinging Strike
1-2: Strikes out swinging
Batting: RHB Bobby Trosclair 0-0: Ground out 4-3 (Groundball, 34, EV 83.8 MPH)
Top of the 8th over - 0 runs, 0 hits, 0 errors, 0 left on base; Great Falls 5 - Baltimore (APP) 4
BOTTOM OF THE 8TH
Baltimore (APP) Orioles batting - Pitching for Great Falls Voyagers : RHP Javon Walker
Batting: RHB Joel Escalera 0-0: Called Strike
0-1: Swinging Strike
0-2: Foul Ball, location: 2F
0-2: Ball
1-2: Foul Ball, location: 2F
1-2: Strikes out looking
Batting: RHB Trevor Smith 0-0: Foul Ball, location: 2F
0-1: SINGLE (Line Drive, 7LS, EV 108.1 MPH)
Batting: RHB Brett Steele 0-0: Ball
1-0: Sac Bunt to 2L - play at first, batter OUT! 2-4
Trevor Smith to second
Batting: RHB Rafael Medina 0-0: Ball
1-0: Swinging Strike
1-1: Ground out 1-3 (Groundball, 34S, EV 79.4 MPH)
Bottom of the 8th over - 0 runs, 1 hit, 0 errors, 1 left on base; Great Falls 5 - Baltimore (APP) 4
TOP OF THE 9TH
Great Falls Voyagers batting - Pitching for Baltimore (APP) Orioles : RHP Jose Alarcon
Batting: RHB David Torres 0-0: Ball
1-0: Swinging Strike
1-1: SINGLE (Flyball, 9S, EV 81.9 MPH)
Batting: LHB Luis Flores 0-0: Called Strike
0-1: Ball
1-1: Ball
2-1: Ball
3-1: Foul Ball, location: 2F
3-2: Foul Ball, location: 2F
3-2: Base on Balls
David Torres to second
Batting: SHB Eduardo Monzon 0-0: Called Strike
0-1: Ball
1-1: Called Strike
1-2: Strikes out swinging
Batting: LHB Adrian Cruz 0-0: Ball
1-0: Foul Ball, location: 2F
1-1: Ball
2-1: Ground out 5-3 (Groundball, 5, EV 81.9 MPH)
David Torres to third
Luis Flores to second
Batting: RHB Brian Harris 0-0: Swinging Strike
0-1: Ball
1-1: Ground out 4-3 (Groundball, 4, EV 84.4 MPH)
Top of the 9th over - 0 runs, 1 hit, 0 errors, 2 left on base; Great Falls 5 - Baltimore (APP) 4
BOTTOM OF THE 9TH
Baltimore (APP) Orioles batting - Pitching for Great Falls Voyagers : RHP Javon Walker
Pitching: RHP Edwin Velazquez
Batting: RHB Eric Meijerink 0-0: Ball
1-0: Ground out 5-3 (Groundball, 5L, EV 100.0 MPH)
Batting: LHB Stu Sornson 0-0: Called Strike
0-1: Ball
1-1: Ball
2-1: Ball
3-1: Foul Ball, location: 2F
3-2: Base on Balls
Batting: RHB Omar Mascarenas 0-0: Fly out, F3 (Line Drive, 3, EV 73.8 MPH)
Lined into DP, U3 (Line Drive, 3, EV 75.0 MPH)
Bottom of the 9th over - 0 runs, 0 hits, 0 errors, 0 left on base; Great Falls 5 - Baltimore (APP) 4
Thursday, December 15th , 2022 - OOTP Baseball 23.9 Build 102